AoeStats
← Chuleta

Arabia

509781932Analyzed
4v4 RM · 4d ago on Sep 28, 2026· 39m 13s· 8 players
Game mode
Random Map
Map size
Large (8 player)
Population
200
Speed
Normal
Resources
Standard
Victory
Conquest
Starting age
Dark Age
Ending age
Imperial Age
RankedLock teamsTeams togetherTeam positionsShared explorationLock speedFull tech treeHidden civsTurbo modeCheats
Victory
Defeat
🇦🇷 Lithuanians · Argentina
1317
+16
🇦🇷 Franks · Argentina
1299
+17
🇦🇷 Ethiopians · Argentina
1232
+19
🇦🇷 Mongols · Argentina
1171
+63
🇵🇪 Mongols · Peru
1389
-22
🇧🇷 Persians · Brazil
1316
-19
🇨🇱 Britons · Chile
1284
-17
🇦🇷 Khmer · Argentina
1237
-16
Criminalss
8:40 Feudal Age
8:45 Man-at-Arms
10:53 Loom
12:25 Loom
15:12 Wheelbarrow
14:36 Fletching
15:31 Double-Bit Axe
19:27 Wheelbarrow
23:45 Castle Age
22:24 Horse Collar
23:40 Gold Mining
24:25 Bodkin Arrow
23:52 Crossbowman
24:51 Bow Saw
24:43 Heavy Plow
27:48 Ballistics
30:03 Stone Mining
32:40 Hand Cart
36:16 Imperial Age
36:12 Yeomen
36:42 Gold Shaft Mining
36:25 Arbalester
37:08 Bracer
38:15 Padded Archer Armor
40:05 Chemistry
39:35 Leather Archer Armor
39:51 Hand Cart
Chuleta
9:51 Feudal Age
10:23 Double-Bit Axe
11:00 Loom
15:42 Castle Age
20:33 Scale Barding Armor
22:05 Forging
28:17 Horse Collar
Caramandunga robada
0:27 Loom
9:08 Feudal Age
10:38 Double-Bit Axe
23:05 Town Watch
23:22 Horse Collar
32:50 Castle Age
Fpavoni
7:25 Loom
9:37 Feudal Age
12:59 Scale Barding Armor
15:06 Bloodlines
19:34 Double-Bit Axe
23:46 Castle Age
25:42 Chain Barding Armor
28:16 Forging
28:33 Husbandry
30:41 Bow Saw
34:19 Wheelbarrow
35:28 Hand Cart
35:23 Town Watch
guido_ara
6:07 Loom
8:49 Feudal Age
9:39 Double-Bit Axe
14:48 Forging
18:17 Scale Barding Armor
22:01 Castle Age
20:51 Bloodlines
22:20 Horse Collar
23:24 Chain Barding Armor
23:23 Gold Mining
26:13 Iron Casting
31:13 Wheelbarrow
32:56 Gold Mining
33:10 Husbandry
34:17 Iron Casting
Blito
7:41 Loom
10:45 Feudal Age
14:08 Double-Bit Axe
14:06 Horse Collar
16:29 Wheelbarrow
21:43 Town Watch
23:56 Fletching
24:06 Padded Archer Armor
24:09 Gold Mining
27:44 Castle Age
27:21 Stone Mining
35:58 Bow Saw
morci
6:37 Loom
9:59 Feudal Age
11:14 Double-Bit Axe
15:08 Fletching
24:54 Castle Age
25:03 Crossbowman
27:07 Bodkin Arrow
27:59 Ballistics
31:13 Bow Saw
30:55 Gold Mining
36:41 Gold Shaft Mining
Luis
6:39 Loom
9:03 Feudal Age
9:56 Double-Bit Axe
12:39 Town Watch
15:56 Scale Barding Armor
19:08 Forging
20:56 Wheelbarrow
25:53 Castle Age
24:37 Stone Mining
25:19 Gold Mining
27:04 Bow Saw
27:01 Husbandry
27:28 Hand Cart
27:14 Town Patrol
29:08 Chain Barding Armor
33:08 Iron Casting
38:21 Fletching
39:23 Bodkin Arrow
Connection lost

Rejoining the realm…

Still unreachable

The connection could not be restored.

Session expired

The server has moved on; the page needs a fresh start.